 Dungeon Crawl Stone Soup version 0.29-a0-887-gcbe080d7e0 (webtiles) character file.

Game seed: 15802275413424676501

24667 jlumianski the Thaumaturge (level 12, 0/83 HPs)
             Began as a Demonspawn Ice Elementalist on July 20, 2022.
             Was an Elder of Qazlal.
             Slain by an unseen horror (8 damage)
             ... on level 1 of the Abyss on July 22, 2022.
             The game lasted 02:09:23 (17191 turns).

jlumianski the Thaumaturge (DsIE)                  Turns: 17191, Time: 02:09:24

Health: 0/83       AC: 10    Str: 10    XL:     12   Next: 82%
Magic:  35/35      EV: 15    Int: 23    God:    Qazlal [****..]
Gold:   1322       SH: 16    Dex: 20    Spells: 20/31 levels left

rFire   . . .      SeeInvis .   A - +3 rapier (speed)
rCold   + . .      Faith    .   (no shield)
rNeg    . . .      Spirit   .   K - +0 steam dragon scales
rPois   +          Reflect  +   g - +0 helmet
rElec   .          Harm     .   U - +0 cloak {rPois}
rCorr   .          Rampage  .   E - +1 pair of gloves
Will    .....                   (no boots)
Stlth   ++........              N - amulet of reflection
HPRegen 0.23/turn               a - ring "Ziusm" {rC+ MP+9 Int+3}
MPRegen 0.48/turn               j - +6 ring of dexterity

@: hasted, repel missiles, very quick
A: large bone plates 2, demonic guardian 1, magic regeneration, demonic touch 2
a: Renounce Religion, Upheaval, Elemental Force


You were on level 1 of the Abyss.
You worshipped Qazlal.
Qazlal was greatly pleased with you.
You visited 2 branches of the dungeon, and saw 12 of its levels.
You visited the Abyss 1 time.
You also visited: Sewer and Bailey.

You collected 1322 gold pieces.

Inventory:

Hand Weapons
 d - a +0 broad axe
 h - the +5 long sword of Fee Simple {venom, Dex+3}
   (You took it off a centaur warrior on level 10 of the Dungeon)

   It poisons the flesh of those it strikes.
   Dex:       It affects your dexterity (+3).
 i - the +5 lajatang of the Lonely Mice {vorpal, *Corrode rF+ MP+9 Dex+6}
   (You took it off a tengu warrior on level 10 of the Dungeon)

   It inflicts extra damage upon your enemies.
   Dex:       It affects your dexterity (+6).
   rF:        It protects you from fire.
   MP:        It affects your magic capacity (+9).
   *Corrode:  It may corrode you when you take damage.
 m - a +0 sling of venom
 y - a +4 scimitar of flaming
 A - a +3 rapier of speed (weapon)
 H - a +2 vampiric trident
Missiles
 q - 32 poisoned darts
 x - a throwing net
 D - 6 javelins (quivered)
 P - 11 boomerangs
 V - a curare-tipped dart
Armour
 g - a +0 helmet (worn)
 E - a +1 pair of gloves (worn)
 K - +0 steam dragon scales (worn)
 U - a +0 cloak of poison resistance (worn)
Magical Staves
 n - a staff of poison
 v - a staff of air
Jewellery
 a - the ring "Ziusm" (left hand) {rC+ MP+9 Int+3}
   (You acquired it on level 10 of the Dungeon)

   [ring of magical power]

   Int:       It affects your intelligence (+3).
   rC:        It protects you from cold.
   MP:        It affects your magic capacity (+9).
 f - a ring of protection from fire
 j - a +6 ring of dexterity (right hand)
 N - an amulet of reflection (around neck)
 Q - a ring of fire
Wands
 o - a wand of flame (17)
 p - a wand of iceblast (4)
 C - a wand of polymorph (22)
 L - a wand of paralysis (2)
 R - a wand of mindburst (9)
 T - a wand of quicksilver (5)
Scrolls
 e - a scroll of immolation
 l - 3 scrolls of amnesia
 r - 2 scrolls of fear
 w - 4 scrolls of teleportation
Potions
 b - 4 potions of magic
 k - 3 potions of haste
 u - 2 potions of cancellation
 z - a potion of curing
 F - 2 potions of brilliance
 I - a potion of resistance
 O - a potion of berserk rage
 S - 4 potions of flight
Miscellaneous
 t - a phial of floods


   Skills:
 + Level 4.1 Fighting
 + Level 5.0 Short Blades
 - Level 0.1 Throwing
 + Level 3.5 Armour
 + Level 5.0 Dodging
 + Level 4.3 Stealth
 - Level 1.3 Shields
 + Level 10.3 Spellcasting
 * Level 7.5 Conjurations
 + Level 9.9 Ice Magic
 * Level 8.4 Invocations
 * Level 7.0 Evocations


You had 20 spell levels left.
You knew the following spells:

 Your Spells              Type           Power      Damage    Failure   Level
a - Freeze                Ice            100%       1d11      1%          1
b - Frozen Ramparts       Ice            100%       1d12      1%          3
c - Ozocubu's Armour      Ice            55%        N/A       1%          3
d - Hailstorm             Conj/Ice       51%        3d11      1%          4

Your spell library contained the following spells:

 Spells                   Type           Power      Damage    Failure   Level
 Scorch                   Fire           22%        2d6       9%          2
 Sublimation of Blood     Necr           11%        N/A       9%          2
 Flame Wave               Conj/Fire      29%        2d8       12%         4
 Inner Flame              Hex/Fire       11%        N/A       16%         3
 Summon Guardian Golem    Hex/Summ       11%        N/A       16%         3
 Irradiate                Conj/Tmut      14%        3d16      32%         5
 Animate Dead             Necr           11%        N/A       47%         4
 Cause Fear               Hex            5%         N/A       47%         4
 Petrify                  Tmut/Erth      11%        N/A       47%         4
 Borgnjor's Vile Clutch   Necr/Erth      5%         N/A       83%         5
 Orb of Destruction       Conj           23%        9d8       91%         7
 Death Channel            Necr           5%         N/A       100%        6
 Summon Cactus Giant      Summ           5%         N/A       100%        6
 Spellforged Servitor     Conj/Summ      14%        N/A       100%        7
 Discord                  Hex            5%         N/A       100%        8


Dungeon Overview and Level Annotations

Branches:
Dungeon (11/15)            Temple (1/1) D:7            Lair (0/5) D:10
    Orc (0/2) D:11          Sewer (visited)          Bailey (visited)

Altars:
Ashenzari
Cheibriados
Dithmenos
Fedhas
Gozag
Hepliaklqana
Kikubaaqudgha
Makhleb
Nemelex Xobeh
Okawaru
Qazlal
Ru
Sif Muna
Trog
Uskayaw
Vehumet
Wu Jian
Xom
Yredelemnul

Shops:
D:6 [

Annotations:
D:11 Erolcha


Innate Abilities, Weirdness & Mutations

You are mostly covered in large bone plates. (SH +6)
A weak demonic guardian rushes to your aid.
You regenerate magic rapidly.
Your touch may inflict irresistible damage on your foes.


Message History

You hit the wraith.
You touch the wraith!
The wraith is almost destroyed.
You hit the wraith.
You destroy the wraith!
Qazlal accepts your kill.
The frozen ramparts melt away as you move.
There is a gateway leading deeper into the Abyss here.
You block something's attack.
Deactivating autopickup; reactivate with Ctrl-A.
You feel yourself speed up.
A tentacled starspawn comes into view.
Something hits you!
* * * LOW HITPOINT WARNING * * *
A demonic guardian appears!
Something hits you!
* * * LOW HITPOINT WARNING * * *
You block something's attack. Something barely misses you.
Something hits you but does no damage. You block something's attack.
Unknown command.
Blink to where?
Press: ? - help, Dir - move target
As you read the scroll of blinking, it crumbles to dust.
Your ice devil hits something!
Your ice devil freezes something!
Casting: Frozen Ramparts (safe; 1% risk of failure)
Confirm with . or Enter, or press ? or * to list all spells.
Okay, then.
Unknown command.
You feel as though your hastened speed will last longer.
Something hits you but does no damage. x2
You block something's attack. Something barely misses you.
A sixfirhy comes into view.
You block the sixfirhy's attack.
A large abomination comes into view.
Something barely misses you.
You hit the sixfirhy. Your touch misses the sixfirhy.
The sixfirhy is lightly wounded.
Something barely misses you. Something hits you!
You die...

### .#. ## ..
.#.# # ##..
##.##.3###
#...○....#
X.##...{@#.##
#..#..##.#
#.##.#...###.#
# ###.##...#
#.#.#.#.# # ##
##.#...#
##.##.#
##.#.#### # ..
...#


You could see a sixfirhy.

Vanquished Creatures
  A hydra (D:10)
  A boulder beetle (D:10)
  An ogre mage (D:10)
  A catoblepas (D:10)
  3 two-headed ogres (D:10)
  A centaur warrior (D:10)
  Erica (D:10)
  A tengu warrior (D:10)
  A thrashing horror (Abyss:1)
  A wizard (D:10)
  An orb spider (Abyss:1)
  A deep elf pyromancer (D:10)
  2 orc knights (D:10)
  A manticore (D:10)
  An ugly thing (D:10)
  A cyclops (D:10)
  Maurice (D:8)
  An orange demon (Abyss:1)
  A smoke demon (Abyss:1)
  Maggie (D:6)
  Psyche (D:10)
  A freezing wraith (D:9)
  2 kobold demonologists (Bailey)
  A hellwing (Abyss:1)
  2 ancient zymes (Abyss:1)
  3 trolls
  Prince Ribbit (D:7)
  A raiju (Abyss:1)
  A vampire (D:10)
  A centaur simulacrum (D:10)
  2 wraiths
  3 shadows
  11 yaks
  4 ynoxinuls (Abyss:1)
  A human (shapeshifter) (D:10)
  A wyvern (D:9)
  Eustachio (D:5)
  2 vampire mosquitoes (D:10)
  Menkaure (D:7)
  An acid dragon (D:10)
  2 water moccasins
  6 small abominations (Abyss:1)
  16 orc warriors
  2 ice beasts (D:6)
  A sky beast (D:6)
  3 ogres
  3 centaurs
  5 kobold brigands
  2 phantoms
  3 bullfrogs
  3 gnoll sergeants
  A scorpion (D:4)
  12 wights
  2 troll zombies (D:11)
  5 killer bees
  5 electric eels (Bailey)
  4 howler monkeys (D:10)
  A quasit (Abyss:1)
  2 orc priests
  2 hounds
  2 jellies (D:5)
  A gnoll bouda (D:5)
  2 iguanas
  5 orc wizards
  6 ogre zombies (D:11)
  19 gnolls
  14 adders
  A shadow imp (D:5)
  2 white imps
  An ufetubus (D:6)
  A worm (D:6)
  10 dart slugs
  31 orcs
  6 ball pythons
  7 endoplasms
  A giant cockroach (D:4)
  15 goblins
  7 hobgoblins
  A jackal (D:1)
  3 quokkas
  6 bats
  7 frilled lizards
  A goblin skeleton (D:11)
  5 hobgoblin zombies (D:11)
  17 kobolds
  4 orc skeletons (D:11)
  14 orc zombies (D:11)
  7 rats
340 creatures vanquished.

Vanquished Creatures (collateral kills)
  A cyclops (D:10)
  A shadow (D:10)
  An orc (D:6)
  An orc zombie (D:11)
4 creatures vanquished.

Vanquished Creatures (others)
  A lurking horror (Abyss:1)
  8 plants (D:1)
  2 starspawn tentacles (Abyss:1)
11 creatures vanquished.

Grand Total: 355 creatures vanquished

Notes
Turn   | Place    | Note
-------+----------+-------------------------------------------
     0 | D:1      | jlumianski the Demonspawn Ice Elementalist began the quest
                  | for the Orb.
     0 | D:1      | Reached XP level 1. HP: 13/13 MP: 3/3
   502 | D:1      | Gained mutation: Your touch may inflict minor irresistible
                  | damage on your foes. [demonic ancestry]
   502 | D:1      | Reached XP level 2. HP: 19/19 MP: 0/5
  1627 | D:2      | You fall into a shaft and drop 2 floors!
  1901 | D:4      | Reached XP level 3. HP: 18/24 MP: 1/6
  1905 | D:4      | Learned a level 3 spell: Frozen Ramparts
  2019 | D:4      | Reached skill level 1 in Armour
  2104 | D:4      | Reached XP level 4. HP: 25/30 MP: 3/7
  2108 | D:4      | Learned a level 3 spell: Ozocubu's Armour
  2127 | D:4      | Reached skill level 3 in Spellcasting
  2168 | D:4      | Found a glowing drain.
  2180 | Sewer    | Entered a sewer
  2626 | Sewer    | Noticed a kobold brigand
  2633 | Sewer    | Killed a kobold brigand
  2634 | Sewer    | Gained mutation: Your touch may inflict irresistible damage
                  | on your foes. [demonic ancestry]
  2634 | Sewer    | Reached XP level 5. HP: 23/35 MP: 2/10
  3403 | D:4      | Reached skill level 4 in Spellcasting
  3423 | D:4      | Upgraded the game from 0.29-a0-878-g7b45a56547 to
                  | 0.29-a0-885-gb26ba3297d
  3721 | D:3      | Noticed a phantom
  3738 | D:3      | Killed a phantom
  3739 | D:3      | Gained mutation: You regenerate magic rapidly. [demonic
                  | ancestry]
  3739 | D:3      | Reached XP level 6. HP: 20/41 MP: 8/12
  4288 | D:3      | Found a shimmering blue altar of Sif Muna.
  4365 | D:4      | Reached skill level 5 in Ice Magic
  4399 | D:4      | Found a blossoming altar of Fedhas.
  4439 | D:5      | Entered Level 5 of the Dungeon
  4552 | D:5      | Noticed a water moccasin
  4616 | D:4      | Killed a water moccasin
  4617 | D:4      | Reached skill level 5 in Spellcasting
  4617 | D:4      | Gained mutation: You are partially covered in large bone
                  | plates. (SH +4) [demonic ancestry]
  4617 | D:4      | Reached XP level 7. HP: 42/47 MP: 5/14
  5105 | D:5      | Noticed Eustachio
  5150 | D:5      | Reached skill level 1 in Short Blades
  5292 | D:5      | Reached skill level 1 in Fighting
  5436 | D:5      | Killed Eustachio
  5597 | D:5      | Gained mutation: A weak demonic guardian rushes to your
                  | aid. [demonic ancestry]
  5597 | D:5      | Reached XP level 8. HP: 55/55 MP: 10/16
  6364 | D:5      | Found a radiant altar of Vehumet.
  6368 | D:5      | Found a bloodstained altar of Trog.
  6372 | D:5      | Found an iron altar of Okawaru.
  6721 | D:6      | Learned a level 4 spell: Hailstorm
  6860 | D:6      | Noticed Maggie
  6860 | D:6      | Paralysed by Maggie for 3 turns
  6882 | D:6      | Killed Maggie
  6883 | D:6      | Reached skill level 6 in Spellcasting
  6883 | D:6      | Reached skill level 1 in Conjurations
  7016 | D:6      | Found Cagomm's Antique Armour Boutique.
  7225 | D:6      | Reached XP level 9. HP: 61/61 MP: 16/18
  7415 | D:6      | Found a snail-covered altar of Cheibriados.
  8034 | D:7      | Found a staircase to the Ecumenical Temple.
  8047 | Temple   | Entered the Ecumenical Temple
  8324 | Temple   | Became a worshipper of Qazlal Stormbringer
  8433 | D:7      | Noticed Prince Ribbit
  8485 | D:7      | Reached skill level 1 in Shields
  8739 | D:7      | Found a hide-covered altar of Uskayaw.
  8820 | D:7      | Killed Prince Ribbit
  8821 | D:7      | Reached skill level 7 in Spellcasting
  8946 | D:7      | Noticed Menkaure
  8960 | D:7      | Killed Menkaure
  9240 | D:8      | Found a transporter.
  9243 | D:8      | Noticed Maurice
  9244 | D:8      | Found a transporter.
  9246 | D:8      | Found a transporter.
  9246 | D:8      | Found a transporter.
  9263 | D:8      | Killed Maurice
  9264 | D:8      | Reached skill level 1 in Invocations
  9264 | D:8      | Reached skill level 1 in Evocations
  9378 | D:8      | Reached * piety under Qazlal
  9884 | D:8      | Gained mutation: You are mostly covered in large bone
                  | plates. (SH +6) [demonic ancestry]
  9884 | D:8      | Reached XP level 10. HP: 65/66 MP: 15/21
 10523 | D:9      | Reached skill level 8 in Spellcasting
 10664 | D:10     | Entered Level 10 of the Dungeon
 10885 | D:10     | Found a runed translucent door.
 10885 | D:10     | Noticed a two-headed ogre
 10889 | D:10     | Noticed a two-headed ogre
 11023 | D:10     | Found a flagged portal.
 11082 | Bailey   | Entered a bailey
 11282 | Bailey   | Reached ** piety under Qazlal
 11412 | Bailey   | Reached skill level 5 in Conjurations
 11487 | Bailey   | Noticed a rust devil
 11983 | Bailey   | Found an iron altar of Okawaru.
 11990 | Bailey   | Reached XP level 11. HP: 75/75 MP: 11/23
 12180 | Bailey   | Upgraded the game from 0.29-a0-885-gb26ba3297d to
                  | 0.29-a0-887-gcbe080d7e0
 12243 | D:10     | Found a staircase to the Lair.
 12266 | D:10     | Acquired 774 gold pieces
 12268 | D:10     | Acquired the ring "Ziusm" {rC+ MP+9 Int+3}
 12355 | D:10     | Found a runed translucent door.
 12356 | D:10     | Found a runed translucent door.
 12356 | D:10     | Noticed a boulder beetle
 12673 | D:10     | Killed a two-headed ogre
 13300 | D:10     | Reached skill level 5 in Invocations
 13498 | D:10     | Reached skill level 9 in Spellcasting
 13502 | D:10     | Killed a boulder beetle
 13643 | D:10     | Noticed a purple ugly thing
 13797 | D:10     | Killed a purple ugly thing
 13924 | D:10     | Noticed an orc knight
 13926 | D:10     | Noticed a catoblepas
 13931 | D:10     | Killed an orc knight
 13946 | D:10     | Killed a catoblepas
 14254 | D:10     | Noticed a two-headed ogre
 14261 | D:10     | Killed a two-headed ogre
 14262 | D:10     | Reached skill level 5 in Evocations
 14306 | D:10     | Found a runed translucent door.
 14340 | D:10     | Noticed an orc knight
 14341 | D:10     | Reached *** piety under Qazlal
 14345 | D:10     | Noticed a two-headed ogre
 14349 | D:10     | Noticed an ogre mage
 14356 | D:10     | Killed a two-headed ogre
 14356 | D:10     | Killed an orc knight
 14359 | D:10     | Killed an ogre mage
 14360 | D:10     | Reached XP level 12. HP: 60/83 MP: 12/25
 14463 | D:10     | Identified the +5 long sword of Fee Simple {venom, Dex+3}
 14463 | D:10     | Noticed a centaur warrior
 14474 | D:10     | Killed a centaur warrior
 14478 | D:10     | Noticed a four-headed hydra
 14564 | D:10     | Identified the +5 lajatang of the Lonely Mice {vorpal,
                  | *Corrode rF+ MP+9 Dex+6}
 14564 | D:10     | Noticed a tengu warrior
 14572 | D:10     | Killed a tengu warrior
 14800 | D:10     | Killed a four-headed hydra
 15305 | D:11     | Noticed Erolcha
 15344 | D:11     | Noticed Erica
 15772 | D:11     | Reached skill level 10 in Spellcasting
 15782 | D:10     | Killed Erica
 16157 | D:11     | Found a staircase to the Orcish Mines.
 16216 | D:11     | Noticed a two-headed ogre
 16368 | D:11     | Noticed Psyche
 16370 | D:11     | Banished a two-headed ogre
 16394 | D:10     | Killed Psyche
 16673 | Abyss:1  | Cast into level 1 of the Abyss (Erolcha)
 16811 | Abyss:1  | Reached **** piety under Qazlal
 16825 | Abyss:1  | Reached skill level 5 in Dodging
 16939 | Abyss:1  | Reached skill level 5 in Short Blades
 17137 | Abyss:1  | Noticed a tentacled starspawn
 17178 | Abyss:1  | Noticed a tentacled starspawn
 17191 | Abyss:1  | Slain by an unseen horror

Illustrated notes

Levels and vault maps discovered:
D:1:      denvon_arrival_planthouse, layout_basic, minmay_tetromino_o4
D:2:      layout_rooms, hellmonk_ecumenical_altar_zigzags
D:3:      layout_rooms, mainiacjoe_overflow_surrounded_room, fountainhead
D:4:      layout_basic, mainiacjoe_overflow_six_doors_small,
          portal_sewer_entry_d
D:5:      kennysheep_slugbush, layout_loops_ring, grunt_temple_overflow_diamond,
          minivault_14, kennysheep_diamond, minivault_27, uniq_eustachio
D:6:      layout_loops_corners, slow_altar_2, nicolae_stop_n_shop_1, uniq_maggie
D:7:      layout_cave_pods, mainiacjoe_overflow_alcove_1,
          minmay_temple_entry_tees, uniq_menkaure, uniq_prince_ribbit1
D:8:      layout_cave_pools, nicolae_diode_intersection, uniq_maurice
D:9:      layout_long_grid
D:10:     minmay_the_grid_triangle_9x9_rhombus_full
          [minmay_the_grid_triangle_9x9_longest,
          minmay_the_grid_triangle_9x9_limited_checkers,
          minmay_the_grid_triangle_9x9_descending_squares,
          minmay_the_grid_triangle_9x9_tough_junction,
          minmay_the_grid_triangle_9x9_intruding_spiral,
          minmay_the_grid_triangle_9x9_skeleton,
          minmay_the_grid_triangle_9x9_subtriangle,
          minmay_the_grid_triangle_9x9_prize_center], layout_rooms,
          lair_entry_dummy, enter_bailey_5, serial_curves, eino_curves_02,
          eino_curves_01, minmay_st_funbox, dreamdust_princess_corridor
D:11:     layout_irregular_city, zombieorc2_lemuel, uniq_psyche, uniq_erolcha,
          uniq_erica
Temple:   regret_index_temple_generic_petals
Abyss:1:  base: Temple, minivault_25, evilmike_abyss_exit_7

Skill      XL: |  1  2  3  4  5  6  7  8  9 10 11 12 |
---------------+-------------------------------------+-----
Ice Magic      | 4 5 6 7 8 9 |  9.9
Dodging        | 2 3 4 5 |  5.0
Armour         | 1 2 3 |  3.5
Spellcasting   | 3 4 5 6 7 8 9 10 | 10.3
Stealth        | 2 3 4 |  4.3
Short Blades   | 1 2 3 4 5 |  5.0
Fighting       | 1 2 3 4 |  4.1
Conjurations   | 2 3 5 6 7 |  7.5
Shields        | 1 |  1.3
Invocations    | 1 4 6 8 |  8.4
Evocations     | 1 3 5 7 |  7.0
Throwing       | |  0.1

Action                   |  1- 3 |  4- 6 |  7- 9 | 10-12 || total
-------------------------+-------+-------+-------+-------++-------
Melee: Unarmed           |    16 |       |       |       ||    16
       Dagger            |    11 |    15 |       |       ||    26
       Touch             |     3 |     7 |    39 |    70 ||   119
       Whip              |     2 |       |       |       ||     2
       Short sword       |       |    30 |    27 |       ||    57
       Rapier            |       |       |   139 |   395 ||   534
       Punch             |       |       |     1 |     3 ||     4
Throw: Stone             |     2 |       |       |       ||     2
       Javelin           |       |       |     6 |     5 ||    11
 Cast: Freeze            |    32 |    13 |     4 |    17 ||    66
       Frozen Ramparts   |     3 |    31 |    39 |    74 ||   147
       Ozocubu's Armour  |       |     6 |    33 |    35 ||    74
       Hailstorm         |       |       |     3 |    20 ||    23
Invok: Upheaval          |       |       |       |     3 ||     3
Evoke: Wand              |       |       |     1 |     5 ||     6
  Use: Scroll            |     4 |    10 |     5 |     9 ||    28
       Potion            |       |     2 |     2 |     8 ||    12
 Stab: Sleeping          |     1 |     3 |     2 |     1 ||     7
       Distracted        |       |       |     1 |       ||     1
Armor: Leather armour    |     9 |    18 |    35 |       ||    62
       Steam dragon scal |       |       |    24 |   108 ||   132
Dodge: Dodged            |    26 |    47 |   114 |   175 ||   362
Block: Other             |       |       |    39 |   342 ||   381
       Reflection        |       |       |     1 |    11 ||    12

Table legend: (Time is in decaauts)
 A = Elapsed time spent in this place.
 B = Non-inter-level travel time spent in this place.
 C = Inter-level travel time spent in this place.
 D = Time resting spent in this place.
 E = Time spent auto-exploring this place.
 F = Levels seen in this place.
 G = Mean time per level.
                   A        B        C        D        E       F      G
               +--------+--------+--------+--------+--------+-----+--------+
         Total |  17139 |  16815 |    324 |   4451 |   6007 |  15 | 1142.6 |
       Dungeon |  14141 |  13817 |    324 |   3421 |   5588 |  11 | 1285.5 |
        Temple |    315 |    315 |      0 |      0 |     82 |   1 |  315.0 |
         Abyss |    480 |    480 |      0 |    154 |      0 |   1 |  480.0 |
         Sewer |   1088 |   1088 |      0 |    439 |    237 |   1 | 1088.0 |
        Bailey |   1114 |   1114 |      0 |    437 |    100 |   1 | 1114.0 |
               +--------+--------+--------+--------+--------+-----+--------+

Top non-repeatable levels by time:
    D:10: 3928 daAuts
     D:5: 1824 daAuts
     D:8: 1399 daAuts
     D:1: 1361 daAuts
     D:4: 1237 daAuts
     D:6: 1175 daAuts
  Bailey: 1114 daAuts
   Sewer: 1088 daAuts
     D:9: 1061 daAuts
     D:3: 891 daAuts
     D:7: 849 daAuts
 Abyss:1: 480 daAuts
  Temple: 315 daAuts
     D:2: 264 daAuts
    D:11: 148 daAuts
